 Dungeon Crawl Stone Soup version 0.30-a0-748-ge6a52f7cba (webtiles) character file.

Game seed: 27038086549876772

1 Esekla the Sneak (level 1, -4/16 HPs)
             Began as an Octopode Delver on Feb 8, 2023.
             Slain by a gnoll
             ... wielding a +0 flail
             ... led by a gnoll bouda
              (14 damage)
             ... on level 5 of the Dungeon.
             The game lasted 00:01:10 (75 turns).

Esekla the Sneak (Octopode Delver)                    Turns: 75, Time: 00:01:11

Health: -4/16      AC:  1    Str: 11    XL:     1   Next: 20%
Magic:  1/1        EV: 13    Int: 12    God:
Gold:   31         SH:  0    Dex: 13    Spells: 0/0 levels left

rFire   . . .      SeeInvis .    a - +0 falchion
rCold   . . .      Faith    .    (no shield)
rNeg    . . .      Spirit   .    (helmet restricted)
rPois   .          Reflect  .    (no amulet)
rElec   .          Harm     .    (no ring)
rCorr   .          Rampage  .    (no ring)
Will    .....                    (no ring)
Stlth   ++++                     (no ring)
HPRegen 0.22/turn                (no ring)
MPRegen 0.07/turn                (no ring)
                                 (no ring)
                                 (no ring)

@: hasted (expiring), very quick
A: almost no armour, amphibious, 8 rings, camouflage 1, gelatinous body 1,
(nimble swimmer 1), tentacles
a: no special abilities


You were on level 5 of the Dungeon.
You visited 1 branch of the dungeon, and saw 1 of its levels.

You collected 31 gold pieces.

Inventory:

Hand Weapons
 a - a +0 falchion (weapon)
Wands
 f - a wand of digging (3)
Scrolls
 b - a scroll of fog
 c - a scroll of summoning {unknown}
Potions
 d - a potion of heal wounds {unknown}


   Skills:
 * Level 3.0 Fighting
 * Level 2.0 Long Blades
 * Level 2.0 Dodging
 + Level 6.6 Stealth


You couldn't memorise any spells.
You didn't know any spells.
Your spell library was empty.

Dungeon Overview and Level Annotations

Branches:
Dungeon (5/15)             Temple (0/1) D:5

Altars:


Innate Abilities, Weirdness & Mutations

You cannot wear most types of armour.
You are amphibious.
You can wear up to eight rings at the same time.
Your skin changes colour to match your surroundings (Stealth+).
Your rubbery body absorbs attacks. (AC +1, EV +1)
((You are camouflaged when in or above water. (Stealth+)))
You have tentacles for arms and can constrict up to eight enemies at once.


Message History

Beogh smites you!
Ouch! That really hurt!
* * * LOW HITPOINT WARNING * * *
The orc wizard moves out of view. x2
The orc priest shouts!
As you read the scroll of fear, it crumbles to dust.
You assume a fearsome visage.
The orc looks frightened!
The orc priest looks frightened! x2; The orc looks frightened!
You feel yourself speed up.
The orc wizard mumbles some strange words.
The orc wizard flickers and vanishes!
Deactivating autopickup; reactivate with Ctrl-A.
Something tries to affect you, but you resist.
Found a stone staircase leading down.
You see here a scroll labelled XIMEDUSELI.
c - a scroll labelled XIMEDUSELI
Found a ring mail.
A quokka comes into view.
A gnoll comes into view. It is wielding a +0 flail.
A gnoll comes into view. It is wielding a +0 whip.
Found a book of Changes.
You aren't carrying any potions.
Okay, then.
You hear the slow rusting of a distant drain.
Found a puce potion.
An iguana comes into view.
You see here a puce potion.
d - a puce potion The iguana hisses angrily.
You hit the quokka but do no damage. Your grab misses the quokka.
The quokka barely misses you.
You barely miss the quokka. Your grab misses the quokka.
The quokka barely misses you.
You miss the quokka. Your grab misses the quokka. The quokka barely misses you.
You hit the quokka. You grab the quokka. You squeeze the quokka.
You kill the quokka!
Your extra speed is starting to run out.
The gnoll hits you with a +0 flail!
Ouch! That really hurt!
You die...

..>.#*,,,,,,,.,#.#~~~~~~~~~*,*
...##***,,⌠,,#.#.###.....###.*
#.## *##,,,,**.#.........:...*
#.####.#**∩***,....,#........*
.>.....#*,,* **#..#*#.#***,*,*
......##**#### #..# #.#
*,*,**** #.....# #..###.[###.#
*,*,,,,, ###...# #......g....#
*,****** * #.#.#
#.####@#########.*
**#.#.#####.# #..l........*
,,..#......># ############*
*#######.#### ,,,,,,...#
*****#####


You could see an iguana and a gnoll.

Vanquished Creatures
  A quokka (D:5)
1 creature vanquished.

Notes
Turn   | Place    | Note
-------+----------+-------------------------------------------
     0 | D:5      | Esekla the Octopode Delver began the quest for the Orb.
     0 | D:5      | Reached XP level 1. HP: 16/16 MP: 1/1
    10 | D:5      | Noticed an orc priest
    10 | D:5      | Noticed an orc priest
    21 | D:5      | Noticed an orc wizard
    22 | D:5      | Noticed an orc wizard
    65 | D:5      | Noticed an iguana
    75 | D:5      | Slain by a gnoll

Illustrated notes

Levels and vault maps discovered:
D:5:      layout_loops_ring, minmay_temple_entry_water_ring,
          lightli_sewer_entry_pipes, nicolae_shop_fire_sale
          [nicolae_sub_dead_trees]

Action                     || total
---------------------------++-------
  Melee: Falchion          ||     4
         Constrict         ||     1
         Tentacles         ||     1
    Use: Scroll            ||     2
         Potion            ||     1
  Dodge: Dodged            ||     3

Table legend: (Time is in decaauts)
 A = Elapsed time spent in this place.
 B = Non-inter-level travel time spent in this place.
 C = Inter-level travel time spent in this place.
 D = Time resting spent in this place.
 E = Time spent auto-exploring this place.
 F = Levels seen in this place.
 G = Mean time per level.
                   A        B        C        D        E       F      G
               +--------+--------+--------+--------+--------+-----+--------+
         Total |     61 |     61 |      0 |      0 |      0 |   1 |   61.0 |
       Dungeon |     61 |     61 |      0 |      0 |      0 |   1 |   61.0 |
               +--------+--------+--------+--------+--------+-----+--------+

Top non-repeatable levels by time:
     D:5: 61 daAuts
